 Dungeon Crawl Stone Soup version 0.29.1-12-g30fa7ad0bf (webtiles) character file.

Game seed: 2033081414223195444

1024 raph the Grasshopper (level 8, -6/64 HPs)
             Began as a Gnoll Warper on Jan 9, 2023.
             Was an Initiate of Gozag.
             Mangled by an ice beast (14 damage)
             ... on level 6 of the Dungeon.
             The game lasted 00:12:33 (9430 turns).

raph the Grasshopper (Gnoll Warper)                 Turns: 9430, Time: 00:12:34

Health: -6/64      AC:  7    Str: 10    XL:     8   Next: 22%
Magic:  17/17      EV: 13    Int: 14    God:    Gozag
Gold:   815        SH:  0    Dex: 13    Spells: 11/19 levels left

rFire   . . .      SeeInvis .   a - +0 falchion
rCold   . . .      Faith    .   (no shield)
rNeg    . . .      Spirit   .   b - +1 leather armour
rPois   .          Reflect  .   g - +0 helmet
rElec   .          Harm     .   (no cloak)
rCorr   .          Rampage  .   (no gloves)
Will    .....                   i - +1 pair of boots
Stlth   ++........              (no amulet)
HPRegen 0.20/turn               (no ring)
MPRegen 0.15/turn               (no ring)

@: no status effects
A: fangs 1, strong nose, distributed training
a: Renounce Religion, Potion Petition, Call Merchant, Bribe Branch


You were on level 6 of the Dungeon.
You worshipped Gozag.
Gozag was pleased with you.
You visited 1 branch of the dungeon, and saw 6 of its levels.
You also visited: Ossuary.

You collected 908 gold pieces.
You paid 93 gold pieces to Gozag.

Inventory:

Hand Weapons
 a - a +0 falchion (weapon)
Missiles
 d - 7 boomerangs of dispersal
 k - 2 boomerangs (quivered)
 n - 4 poisoned darts
Armour
 b - a +1 leather armour (worn)
 g - a +0 helmet (worn)
 i - a +1 pair of boots (worn)
 v - a scarf of repulsion
Wands
 q - a wand of iceblast (20)
 s - a wand of flame (19)
 u - a wand of charming (4)
Scrolls
 c - a scroll of blinking
 h - 2 scrolls of teleportation
 p - a scroll of fog
Potions
 e - 2 potions of flight {unknown}
 f - 3 potions of mutation
 j - a potion of degeneration {unknown}
 l - 3 potions of attraction
 m - 3 potions of curing
 o - a potion of haste {unknown}
 r - 3 potions of brilliance {unknown}
 t - a potion of berserk rage {unknown}


   Skills:
 + Level 5.6 Fighting
 + Level 3.2 Short Blades
 + Level 5.6 Long Blades
 + Level 3.2 Axes
 + Level 3.2 Maces & Flails
 + Level 3.2 Polearms
 + Level 3.2 Staves
 + Level 3.2 Ranged Weapons
 + Level 4.1 Throwing
 + Level 4.1 Armour
 + Level 5.6 Dodging
 + Level 3.2 Stealth
 + Level 3.2 Shields
 + Level 3.2 Unarmed Combat
 + Level 6.0 Spellcasting
 + Level 2.6 Conjurations
 + Level 2.6 Hexes
 + Level 2.6 Summonings
 + Level 2.6 Necromancy
 + Level 6.1 Translocations
 + Level 2.6 Transmutations
 + Level 2.6 Fire Magic
 + Level 2.6 Ice Magic
 + Level 2.6 Air Magic
 + Level 2.6 Earth Magic
 + Level 2.6 Poison Magic
 + Level 3.5 Invocations
 + Level 3.2 Evocations


You had 11 spell levels left.
You knew the following spells:

 Your Spells              Type           Power      Damage    Failure   Level
a - Blink                 Tloc           42%        N/A       2%          2
b - Gell's Gravitas       Tloc           21%        N/A       4%          3
c - Teleport Other        Tloc           21%        N/A       4%          3

Your spell library contained the following spells:

 Spells                   Type           Power      Damage    Failure   Level
 Lesser Beckoning         Tloc           21%        N/A       4%          3
 Sting                    Tmut/Pois      44%        1d5       7%          1
 Ensorcelled Hibernation  Hex/Ice        22%        N/A       11%         2
 Poisonous Vapours        Pois/Air       22%        N/A       11%         2
 Spider Form              Tmut/Pois      11%        N/A       22%         3
 Manifold Assault         Tloc           21%        N/A       43%         5
 Anguish                  Hex/Necr       5%         N/A       56%         4
 Olgreb's Toxic Radiance  Pois           11%        N/A       56%         4
 Dispersal                Tloc           10%        N/A       95%         6


Dungeon Overview and Level Annotations

Branches:
Dungeon (6/15)             Temple (0/1) D:4         Ossuary (visited)

Altars:
Gozag
Yredelemnul

Shops:
D:5 :


Innate Abilities, Weirdness & Mutations

You have very sharp teeth.
Your uncanny sense of smell can sniff out nearby items.
Your experience applies equally to all skills.


Message History

The ice beast is moderately wounded.
The ice beast misses you.
You hit the ice beast but do no damage.
The ice beast is moderately wounded.
The ice beast misses you.
You closely miss the ice beast.
You punch the ice beast, but do no damage.
Your bite misses the ice beast.
The ice beast is moderately wounded.
The ice beast misses you.
You hit the ice beast.
The ice beast is moderately wounded.
The ice beast closely misses you.
You barely miss the ice beast.
The ice beast is moderately wounded.
The ice beast barely misses you.
You hit the ice beast but do no damage.
The ice beast is moderately wounded.
The ice beast hits you. The ice beast freezes you!
* * * LOW HITPOINT WARNING * * *
You are too injured to fight recklessly!
You hit the ice beast but do no damage.
You bite the ice beast, but do no damage.
The ice beast is moderately wounded.
The ice beast hits you but does no damage.
You hit the ice beast but do no damage.
The ice beast is moderately wounded.
The ice beast hits you but does no damage.
You hit the ice beast but do no damage.
You bite the ice beast, but do no damage.
The ice beast is moderately wounded.
The ice beast hits you.
* * * LOW HITPOINT WARNING * * *
The ice beast freezes you.
* * * LOW HITPOINT WARNING * * *
The ice beast attacks as you move away! The ice beast hits you.
* * * LOW HITPOINT WARNING * * *
The ice beast freezes you!
You die...
Your body crumbles into a pile of gold.

###..##.....#.#####.#
............#.....#.#
###..##.#.#.#####.#.##
..... #.#.#.#
#..#######
#...##.#.#.#
#........# #....#.#.#
#..#####.# #
#....#.#.# #..# #.#
.#.#......#.# #..# #.#
........###@# #..# #.#
.#.##...# #Y# #..# #.#
...##...###n# #..# #.#
............# #..# #.#
...#........#
#..#####.#
............# #...#.#
+#.#...##+#.....
#.#.#.# #..... .......
...#.#.#.# #.....
..#######.##.#.#.#


You could see an ice beast and a necrophage.

Vanquished Creatures
  2 black bears (D:5)
  A kobold brigand (D:4)
  3 elf zombies (Ossuary)
  2 scorpions
  A howler monkey (D:5)
  A centaur zombie (Ossuary)
  4 hounds
  2 iguanas
  3 mummies
  5 adders
  A white imp (D:6)
  5 adder zombies (Ossuary)
  4 orcs (D:5)
  5 endoplasms
  6 giant cockroaches
  6 goblins
  7 hobgoblins
  7 jackals
  2 quokkas (D:1)
  7 ball pythons
  3 bats
  A frilled lizard (D:1)
  2 goblin zombies (Ossuary)
  7 hobgoblin zombies (Ossuary)
  A jackal zombie (Ossuary)
  24 kobolds
  11 kobold zombies (Ossuary)
  6 orc zombies (Ossuary)
  4 rats
  A rat zombie (Ossuary)
134 creatures vanquished.

Vanquished Creatures (others)
  52 plants
  4 toadstools (D:4)
56 creatures vanquished.

Grand Total: 190 creatures vanquished

Notes
Turn   | Place    | Note
-------+----------+-------------------------------------------
     0 | D:1      | raph the Gnoll Warper began the quest for the Orb.
     0 | D:1      | Reached XP level 1. HP: 20/20 MP: 6/6
   186 | D:1      | Found a faded altar of an unknown god.
   542 | D:1      | Reached XP level 2. HP: 19/26 MP: 7/7
   724 | D:1      | Learned a level 2 spell: Blink
  1569 | D:2      | Reached skill level 5 in Spellcasting
  1569 | D:2      | Reached XP level 3. HP: 30/31 MP: 7/9
  1595 | D:2      | Learned a level 3 spell: Gell's Gravitas
  1599 | D:2      | Learned a level 3 spell: Teleport Other
  2063 | D:3      | Reached skill level 1 in Invocations
  2340 | D:3      | Reached skill level 1 in Short Blades
  2340 | D:3      | Reached skill level 1 in Axes
  2340 | D:3      | Reached skill level 1 in Maces & Flails
  2340 | D:3      | Reached skill level 1 in Polearms
  2340 | D:3      | Reached skill level 1 in Staves
  2340 | D:3      | Reached skill level 1 in Ranged Weapons
  2340 | D:3      | Reached skill level 1 in Stealth
  2340 | D:3      | Reached skill level 1 in Shields
  2340 | D:3      | Reached skill level 1 in Unarmed Combat
  2340 | D:3      | Reached skill level 1 in Evocations
  2421 | D:3      | Reached XP level 4. HP: 37/38 MP: 11/11
  2723 | D:3      | Reached skill level 1 in Conjurations
  2723 | D:3      | Reached skill level 1 in Hexes
  2723 | D:3      | Reached skill level 1 in Summonings
  2723 | D:3      | Reached skill level 1 in Necromancy
  2723 | D:3      | Reached skill level 1 in Transmutations
  2723 | D:3      | Reached skill level 1 in Fire Magic
  2723 | D:3      | Reached skill level 1 in Ice Magic
  2723 | D:3      | Reached skill level 1 in Air Magic
  2723 | D:3      | Reached skill level 1 in Earth Magic
  2723 | D:3      | Reached skill level 1 in Poison Magic
  3048 | D:4      | Found a basalt altar of Yredelemnul.
  3105 | D:4      | Reached XP level 5. HP: 24/43 MP: 12/12
  3291 | D:4      | Found an opulent altar of Gozag.
  3299 | D:4      | Became a worshipper of Gozag Ym Sagoz the Greedy
  4394 | D:4      | Noticed a kobold brigand
  4449 | D:3      | HP: 2/43 [scorpion (4)]
  4457 | D:3      | Reached XP level 6. HP: 44/50 MP: 7/14
  4787 | D:4      | Reached skill level 5 in Fighting
  4787 | D:4      | Reached skill level 5 in Long Blades
  4787 | D:4      | Reached skill level 5 in Dodging
  4932 | D:3      | HP: 2/51 [poisoned by a kobold brigand]
  5391 | D:4      | Found a staircase to the Ecumenical Temple.
  6366 | D:5      | Entered Level 5 of the Dungeon
  6367 | D:5      | Found Vann's Book Shop.
  6395 | D:5      | Found a sand-covered staircase.
  6441 | Ossuary  | Entered an ossuary
  7025 | Ossuary  | Reached XP level 7. HP: 41/56 MP: 15/15
  8384 | D:5      | Reached XP level 8. HP: 59/63 MP: 16/16
  8967 | D:6      | Noticed a troll
  9430 | D:6      | Mangled by an ice beast

Illustrated notes

Levels and vault maps discovered:
D:1:      giann_wishing_wells, layout_loops_ring,
          chequers_ecumenical_altar_island
D:2:      layout_basic, kennysheep_crisscross, nrook_campfire
D:3:      layout_loops_ring, grunt_ministairs_14, serial_bayou_lagoon_b
D:4:      kennysheep_kobold_camp, layout_loops_cross,
          nicolae_gozag_cash_rules_everything_around_me,
          mainiacjoe_overflow_catwalk, minmay_temple_entry_statues_fountains,
          nrook_mini_vaults, minmay_door_square, minmay_gold_behind_fungi
D:5:      layout_loops_corners, serial_shops, nicolae_shop_trees,
          gup_ossuary_entry_pyramid, minivault_14
D:6:      minmay_opposing_rooms, layout_basic, kennysheep_mini_moat,
          nemelex_spade_bored_becter, grunt_decor_cap

Skill      XL: |  1  2  3  4  5  6  7  8 |
---------------+-------------------------+-----
Spellcasting   | 5 6 |  6.0
Invocations    | 1 2 3 |  3.5
Short Blades   | 1 2 3 |  3.2
Axes           | 1 2 3 |  3.2
Maces & Flails | 1 2 3 |  3.2
Polearms       | 1 2 3 |  3.2
Staves         | 1 2 3 |  3.2
Ranged Weapons | 1 2 3 |  3.2
Stealth        | 1 2 3 |  3.2
Shields        | 1 2 3 |  3.2
Unarmed Combat | 1 2 3 |  3.2
Evocations     | 1 2 3 |  3.2
Conjurations   | 1 2 |  2.6
Hexes          | 1 2 |  2.6
Summonings     | 1 2 |  2.6
Necromancy     | 1 2 |  2.6
Transmutations | 1 2 |  2.6
Fire Magic     | 1 2 |  2.6
Ice Magic      | 1 2 |  2.6
Air Magic      | 1 2 |  2.6
Earth Magic    | 1 2 |  2.6
Poison Magic   | 1 2 |  2.6
Throwing       | 3 4 |  4.1
Armour         | 3 4 |  4.1
Fighting       | 5 |  5.6
Long Blades    | 5 |  5.6
Dodging        | 5 |  5.6
Translocations | 6 |  6.1

Action                   |  1- 3 |  4- 6 |  7- 9 || total
-------------------------+-------+-------+-------++-------
Melee: Falchion          |   158 |   354 |   195 ||   707
       Bite              |    19 |    42 |    26 ||    87
       Punch             |     3 |     8 |     9 ||    20
Throw: Boomerang         |       |    30 |    10 ||    40
       Dart              |       |     4 |       ||     4
 Cast: Gell's Gravitas   |       |     5 |     1 ||     6
       Teleport Other    |       |     3 |     3 ||     6
       Blink             |       |     1 |     1 ||     2
  Use: Scroll            |     7 |       |     5 ||    12
       Potion            |       |     3 |       ||     3
 Stab: Sleeping          |     1 |     1 |     1 ||     3
       Distracted        |       |       |     1 ||     1
Armor: Leather armour    |    43 |   142 |    78 ||   263
Dodge: Dodged            |   107 |   260 |   119 ||   486
